 Dungeon Crawl Stone Soup version 0.21.1-1-g345015f (webtiles) character file.

519259 theElss the Gargoyle Barricade (level 26, -8/273 HPs)
             Began as a Gargoyle Berserker on May 2, 2018.
             Was the Champion of Trog.
             Mangled by a deep troll (13 damage)
             ... on level 5 of the Vaults on May 6, 2018.
             The game lasted 05:12:52 (70515 turns).

theElss the Gargoyle Barricade (GrBe)              Turns: 70515, Time: 05:12:53

Health: -8/273     AC: 51    Str: 36    XL:     26   Next: 32%
Magic:  30/30      EV: 17    Int:  7    God:    Trog [******]
Gold:   5714       SH: 31    Dex: 19    Spells: 25/25 levels left

rFire    + . .     SeeInvis +   a - +6 eveningstar (protect)
rCold    . . .     Gourm    .   D - +2 large shield
rNeg     + . .     Faith    +   K - +6 chain mail "Bycwaq" {rF+}
rPois    ∞         Spirit   .   y - +1 hat {SInv}
rElec    +         Reflect  .   L - scarf {cloud immunity}
rCorr    .         Harm     .   I - +1 pair of gloves
MR       +....     Rnd*Rage +   n - +2 pair of boots of the Assassin {Detection Stab+ Stlth++}
Stlth    ..........             X - amulet of faith
HPRegen  0.55/turn              E - +4 ring of dexterity
MPRegen  0.22/turn              Y - ring of the Greedy {EV+3 Dex+3}

@: berserking (expiring), marked, protection aura, very quick
A: big wings, berserk 1, deformed body, negative energy resistance 1,
electricity resistance, unbreathing, petrification resistance, rot immunity, AC
+20
}: 1/15 runes: decaying
a: Fly, Berserk, Trog's Hand, Brothers in Arms, Burn Spellbooks, Renounce
Religion


You were on level 5 of the Vaults.
You worshipped Trog.
Trog was exalted by your worship.
You were very hungry.

You visited 9 branches of the dungeon, and saw 46 of its levels.
You visited the Abyss 3 times.
You also visited: Ice Cave.

You collected 6272 gold pieces.
You spent 558 gold pieces at shops.

Inventory:

Hand Weapons
 a - a +6 eveningstar of protection (weapon)
 b - a +0 hand crossbow of flaming
Missiles
 N - 1489 bolts
Armour
 n - the +2 pair of boots of the Assassin (worn) {Detection Stab+ Stlth++}
   (You found it on level 2 of the Depths)

   It makes you much more stealthy.
 y - a +1 hat of see invisible (worn)
 D - a +2 large shield (worn)
 I - a +1 pair of gloves (worn)
 K - the +6 chain mail "Bycwaq" (worn) {rF+}
   (You found it on level 2 of the Spider Nest)

   It protects you from fire.
 L - a scarf of cloud immunity (worn)
Jewellery
 u - an uncursed amulet of regeneration
 E - a +4 ring of dexterity (left hand)
 F - an uncursed ring of protection from magic
 M - an uncursed amulet of rage
 U - the ring "Ruc Iwin" {rN+ MR+ Str+2 Dex-4 Stlth-}
   (You took it off a deep elf high priest on level 3 of the Elven Halls)

   [ring of loudness]

   It affects your strength (+2).
   It affects your dexterity (-4).
   It protects you from negative energy.
   It affects your resistance to hostile enchantments.
   It makes you less stealthy.
 X - an amulet of faith (around neck)
 Y - the ring of the Greedy (right hand) {EV+3 Dex+3}
   (You found it on level 4 of the Depths)

   [ring of evasion]

   It affects your evasion (+3).
   It affects your dexterity (+3).
Wands
 t - a wand of digging (49)
 J - a wand of flame (137)
 P - a wand of paralysis (75)
 R - a wand of disintegration (16)
 T - a wand of polymorph (58)
Scrolls
 f - 2 scrolls of holy word
 g - 7 scrolls of magic mapping
 j - 5 scrolls of fear
 l - 30 scrolls of remove curse
 m - 5 scrolls of silence
 p - 12 scrolls of identify
 s - 15 scrolls of teleportation
 v - 10 scrolls of fog
 B - 10 scrolls of blinking
 C - a scroll of acquirement
 O - 4 scrolls of summoning
Potions
 e - 5 potions of haste
 h - 7 potions of agility
 i - 18 potions of curing
 q - 4 potions of lignification
 r - a potion of brilliance
 w - 3 potions of heal wounds
 x - 8 potions of resistance
 A - a potion of might
 G - a potion of berserk rage
 H - 6 potions of cancellation
Miscellaneous
 d - a lamp of fire
 Q - a fan of gales
 S - a phial of floods
Comestibles
 c - 84 rations


   Skills:
 + Level 23.0 Fighting
 + Level 19.0 Maces & Flails
 * Level 8.7 Crossbows
 * Level 17.8 Armour
 + Level 6.1 Dodging
 O Level 27 Shields
 - Level 10.0 Evocations


You had 25 spell levels left.
You didn't know any spells.

Dungeon Overview and Level Annotations

Branches:
Dungeon (15/15)            Temple (0/1) D:6            Lair (6/6) D:10
  Swamp (4/4) Lair:3       Spider (3/4) Lair:2        Slime (0/5) Lair:6
    Orc (2/2) D:9             Elf (3/3) Orc:2        Vaults (5/5) D:14
  Crypt (3/3) Vaults:2       Tomb (0/3) Crypt:3      Depths (5/5) D:15
    Zot (0/5) Depths:5

Altars:
Ashenzari
Cheibriados
Hepliaklqana
Makhleb
Nemelex Xobeh
Vehumet
Yredelemnul
The Shining One
Jiyva
Lugonu

Shops:
D:4 [   D:7 ?   D:15 ?   Orc:2 %*![   Vaults:4 ?   Depths:3 [:(*   Depths:5 ?

Portals:
Hell: Depths:1 Depths:2 Depths:3 Depths:4 Depths:5
Abyss: Depths:1 Depths:2 Depths:3 Depths:4 Depths:5
Pandemonium: Depths:2 Depths:3
Ziggurat: Depths:2


Innate Abilities, Weirdness & Mutations

You are resistant to torment.
Your stone body is resilient. (AC +20)
You are immune to poison.
Your large and strong wings let you fly indefinitely.
You resist negative energy. (rN+)
You are resistant to electric shocks. (rElec)
You can survive without breathing.
You are immune to petrification.
You are immune to rotting.
You tend to lose your temper in combat.
Armour fits poorly on your strangely shaped body.


Message History

The spark wasp changes into a wolf spider!
The vault warden activates a sealing rune.
The deep elf mage mumbles some strange words.
The deep elf mage blinks!
You block the ghostly vault warden's attack.
You block the vault warden's attack. The stone giant barely misses you.
The ironbrand convoker points at the vault sentinel and mumbles some strange words.
The vault sentinel seems to grow stronger.
A shadow dragon comes into view.
Unknown command.
You spit the ghostly vault warden like a pig!!!
The ghostly vault warden is severely damaged.
The storm dragon bites you but does no damage.
You block the storm dragon's attack. The storm dragon closely misses you.
You block the reaper's attack. The yaktaur closely misses you.
The vault sentinel gestures at you while chanting.
You barely resist.
The deep troll bites you but does no damage.
The deep troll claws you!
You die...

#..####..#....#.# #.. ### #.#
#.......#....#[. ... ... ...
#.....#....#.# #.# #.# #.#
..####..#....#.###.# #.# #.#
........)#...s#..##.###.###.##
.........D.414...D............
###########".(es2c.##############
..DT.4:s)...E1pDDpp........
.....ce....).E9C@cp........
.X....(.......pTcpp........
p)((((........p.p..........
###########..p.E§..############
#.....p)...#...........
#..c#..e.##.#..........
#.#.#....###.#.........
#.#.#....# ##.#........
..#.#....# {##.#.......


You could see a Hell Sentinel, 2 shadow dragons, an iron dragon, a storm dragon,
a Tzitzimitl, a stone giant, 3 vault wardens, a ghostly vault warden, a yaktaur
captain, a reaper, a wolf spider, a wolf spider shaped shifter, a deep troll, a
deep elf demonologist, a war gargoyle, an orange demon, 4 vault sentinels, 3
ironbrand convokers, 3 earth elementals, 3 yaktaurs, a rust devil and a deep elf
mage.

Vanquished Creatures
  A juggernaut (Depths:2)
  3 ancient liches (Crypt:3)
  the Lernaean hydra (Swamp:4)
  A caustic shrike (Depths:2)
  4 golden dragons
  Nikola (Spider:3)
  2 bone dragons
  2 hellephants
  3 tentacled monstrosities
  7 liches
  The ghost of Gandalfino the Peltast, an adept GrFi of Okawaru (Elf:3)
  A deep elf blademaster (Elf:3)
  3 deep elf master archers (Elf:3)
  2 tentacled starspawn (Abyss:3)
  Frances (Elf:1)
  2 sphinxes
  Kirke (Lair:5)
  5 tengu reavers
  4 ancient champions (Crypt:3)
  5 revenants
  Donald (Swamp:4)
  Roxanne (D:15)
  4 thorn hunters
  2 storm dragons
  6 draconian monks
  A ghost moth (shapeshifter) (D:14)
  A draconian knight (Depths:5)
  7 deep elf sorcerers (Elf:3)
  10 fire giants
  A cacodemon (Abyss:5)
  An orc warlord (Depths:2)
  Louise (Swamp:2)
  2 draconian scorchers (Depths:4)
  9 frost giants
  10 ghouls
  2 curse skulls (Crypt:3)
  An iron dragon (Depths:2)
  12 vault wardens
  5 deep elf elementalists
  2 emperor scorpions
  13 ironheart preservers
  4 draconian annihilators
  14 very ugly things
  2 spriggan defenders
  4 entropy weavers
  5 vampire knights
  A war gargoyle (Vaults:4)
  20 stone giants
  4 deep elf demonologists (Elf:3)
  8 green draconians
  4 purple draconians (Depths:5)
  8 deep elf annihilators
  5 dire elephants (Depths:1)
  4 black draconians (Depths:5)
  9 spark wasps
  2 red draconians (Depths:5)
  4 white draconians (Depths:5)
  10 ettins
  3 eidola
  A merfolk impaler (Depths:4)
  13 jiangshi
  7 deep elf death magi
  Snorg (Orc:1)
  15 yaktaur captains
  13 ogre magi
  Josephine (Orc:2)
  11 fire dragons
  6 deep elf high priests (Elf:3)
  9 ice dragons
  9 great orbs of eyes
  29 vault guards
  A quicksilver dragon skeleton (Abyss:2)
  2 ghost crabs
  A naga warrior (Abyss:2)
  23 hydras
  8 rakshasas
  4 spriggan air magi
  A merfolk avatar (Lair:6)
  34 dancing weapons
  9 alligators
  7 centaur warriors
  50 two-headed ogres
  6 deep troll shamans
  3 death knights
  6 deep troll earth magi
  9 tengu warriors
  2 orc high priests
  Urug (D:10)
  21 deep elf knights
  2 death yaks (Lair:5)
  7 spriggan berserkers
  7 vampire magi
  6 thrashing horrors
  Sonja (D:9)
  A storm dragon zombie (Depths:4)
  A soul eater (Crypt:1)
  2 iron trolls (Depths:2)
  A fire crab (shapeshifter) (Vaults:2)
  3 wretched stars
  2 sixfirhies (Abyss:5)
  2 shadow wraiths
  7 hell knights
  A deep troll (shapeshifter) (Vaults:4)
  A golden dragon zombie (Depths:4)
  An entropy weaver zombie (Crypt:1)
  A ghost moth zombie (Crypt:3)
  4 unseen horrors
  9 skeletal warriors
  A storm dragon skeleton (Vaults:4)
  A spriggan druid (Swamp:4)
  4 death drakes
  4 wizards
  18 deep elf archers
  A golden dragon skeleton (Crypt:3)
  14 swamp dragons
  5 flayed ghosts
  An iron giant skeleton (Crypt:2)
  20 deep trolls
  19 orc knights
  9 orb spiders
  2 harpies (Lair:6)
  2 lindwurms (Depths:5)
  Pikel (D:3)
  4 glowing orange brains
  5 phantasmal warriors
  3 necromancers
  6 ironbrand convokers
  A fire giant zombie (Depths:4)
  An orb spider (shapeshifter) (Vaults:1)
  2 shadow dragon skeletons
  11 orc sorcerers
  87 deep elf magi
  33 ugly things
  2 manticores
  A cyclops (Orc:1)
  The ghost of p0werm0de the Sneak, a novice OpWn of Nemelex Xobeh (D:10)
  18 wolf spiders
  A manticore (shapeshifter) (Elf:1)
  A worldbinder (Abyss:5)
  A guardian serpent (Abyss:2)
  A dire elephant zombie (Abyss:2)
  16 elephants
  5 black mambas
  2 guardian serpents (shapeshifter)
  An ice statue (IceCv)
  10 vault sentinels
  Joseph (D:7)
  An eye of devastation (Abyss:5)
  A torpor snail (Lair:4)
  3 orange demons
  A gargoyle (D:15)
  4 smoke demons
  A sea snake zombie (Crypt:1)
  A storm dragon simulacrum (Vaults:2)
  A red draconian zombie (Crypt:1)
  3 centaur skeletons
  13 spiny frogs
  6 freezing wraiths
  A swamp worm zombie (Crypt:3)
  2 demonic crawlers
  12 rime drakes
  2 yaktaur zombies
  A human skeleton (Vaults:4)
  7 komodo dragons
  A yellow draconian skeleton (Crypt:3)
  A grey draconian zombie (Crypt:2)
  50 yaktaurs
  A yaktaur (shapeshifter) (Vaults:1)
  A guardian mummy (Crypt:3)
  9 tengu conjurers
  8 trolls
  An entropy weaver simulacrum (Vaults:2)
  12 jumping spiders
  A purple draconian skeleton (Crypt:2)
  4 ancient zymes
  2 jumping spiders (shapeshifter)
  A queen bee (Depths:2)
  3 wind drakes
  A hornet (shapeshifter) (Abyss:2)
  3 hornets
  A meliai (shapeshifter) (Elf:1)
  10 raiju
  A spriggan zombie (D:15)
  11 blink frogs
  A blink frog (shapeshifter) (Vaults:2)
  20 dream sheep
  2 tyrant leeches
  40 slime creatures
  2 hippogriffs (shapeshifter)
  8 bog bodies
  16 polar bears
  13 flying skulls
  A centaur simulacrum (D:15)
  7 hippogriffs
  36 redbacks
  17 water elementals
  Sigmund (D:2)
  A spriggan (shapeshifter) (Depths:3)
  5 wyverns
  A spriggan (Depths:4)
  2 shadows
  A yak (shapeshifter) (Elf:2)
  61 yaks
  8 air elementals
  18 tarantellas
  A vampire (D:14)
  13 wraiths
  4 deep troll skeletons
  2 fire elementals
  A basilisk (Lair:2)
  7 neqoxecs
  A chaos spawn (Abyss:5)
  2 hungry ghosts
  Grum (D:9)
  15 vampire mosquitoes
  3 steam dragons
  5 wargs
  Menkaure (D:7)
  2 yaktaur simulacra
  13 insubstantial wisps
  A swamp worm (shapeshifter) (Vaults:5)
  2 nagas (Abyss:2)
  17 swamp worms
  Edmund (D:5)
  An acid dragon (Vaults:1)
  A naga (shapeshifter) (Vaults:4)
  9 water moccasins
  6 porcupines
  2 hell hounds (Abyss:2)
  Duvessa (D:6)
  A torturous demonspawn skeleton (Crypt:1)
  A tengu skeleton (D:15)
  A floating eye (Depths:3)
  A black bear (D:7)
  An eye of draining (D:15)
  7 ice beasts
  7 sky beasts
  A hornet zombie (Crypt:1)
  38 orc warriors
  A spiny frog skeleton (Crypt:3)
  An eye of draining (shapeshifter) (Depths:5)
  21 swamp drakes
  29 ogres
  11 boggarts
  A phantom (D:4)
  6 necrophages
  25 wolves
  A blink frog skeleton (Crypt:2)
  A boggart (shapeshifter) (Vaults:3)
  8 large abominations
  11 centaurs
  5 small abominations
  11 crocodiles
  3 big kobolds (D:10)
  A rime drake skeleton (Crypt:3)
  Blork the orc (D:5)
  14 bullfrogs
  4 earth elementals
  Dowan (D:6)
  6 jellies
  3 scorpions
  25 killer bees
  A warg skeleton (Crypt:3)
  A yak skeleton (Crypt:1)
  9 wights (Crypt:1)
  5 howler monkeys
  3 electric eels
  3 centaur zombies
  4 quasits
  31 starcursed masses
  10 crimson imps
  5 hounds
  17 orc priests
  2 bullfrog skeletons
  A gnoll shaman (D:4)
  Natasha (twice) (D:2)
  3 iguanas
  35 orc wizards
  12 worker ants
  A hound skeleton (D:8)
  12 mummies (Crypt:3)
  A worker ant zombie (D:7)
  Robin (D:4)
  15 adders
  7 gnolls (D:4)
  A howler monkey skeleton (D:4)
  2 shadow imps
  An ufetubus (Abyss:2)
  3 oozes
  An adder skeleton (D:4)
  A halfling skeleton (Crypt:1)
  8 worms
  A barachi zombie (Crypt:2)
  A dart slug (D:1)
  9 leopard geckos
  98 orcs
  A ball python (D:1)
  13 bats
  6 giant cockroaches
  14 goblins
  11 hobgoblins
  14 jackals
  10 kobolds
  7 quokkas
  A ball python zombie (Crypt:2)
  7 frilled lizards
  A gnoll skeleton (Crypt:3)
  A hobgoblin zombie (Crypt:2)
  A jackal skeleton (D:5)
  A kobold skeleton (Crypt:3)
  A leopard gecko skeleton (Crypt:1)
  An orc skeleton (Crypt:1)
  A quokka zombie (D:5)
  7 rats
  4 briar patches (Swamp:4)
  A starspawn tentacle (Abyss:3)
2144 creatures vanquished.

Vanquished Creatures (collateral kills)
  A deep elf blademaster (Elf:3)
  A deep elf elementalist (Elf:3)
  A very ugly thing (Depths:1)
  A jiangshi (Depths:4)
  A deep elf death mage (Elf:3)
  An ogre mage (Depths:3)
  A two-headed ogre (D:9)
  A dancing weapon (Abyss:3)
  An unseen horror (Abyss:3)
  A deep troll (Depths:1)
  A glowing orange brain (Abyss:3)
  An ugly thing (Depths:1)
  A harpy zombie (Abyss:3)
  A redback (shapeshifter) (Depths:4)
  An air elemental (Depths:3)
  A starspawn tentacle (Abyss:3)
16 creatures vanquished.

Vanquished Creatures (others)
  A stone giant (Depths:3)
  2 yaktaur captains
  A spriggan air mage (Depths:5)
  A centaur warrior (Vaults:1)
  A lindwurm (Depths:4)
  A wizard (Depths:4)
  A deep elf mage (Elf:2)
  A wolf spider (Spider:3)
  An orb spider (Spider:3)
  2 necromancers (Depths:3)
  3 yaktaurs
  2 tengu conjurers (Depths:5)
  3 air elementals
  3 redbacks
  A small abomination (Abyss:3)
  2 humans (Lair:5)
  2 tarantellas (Spider:3)
  A swamp worm (Swamp:3)
  A naga (Abyss:2)
  A swamp drake (Depths:5)
  An orc warrior (Vaults:2)
  2 ogres
  2 slaves (D:4)
  A centaur (D:15)
  A bullfrog (D:10)
  A scorpion (D:4)
  A hound (D:4)
  2 orc wizards (D:4)
  A worm (D:10)
  A leopard gecko (D:4)
  7 orcs
  A goblin (D:4)
  A frilled lizard (D:4)
  17 briar patches (Swamp:3)
  5 fire vortices (Depths:4)
  11 fungi
  A lurking horror (Abyss:5)
  10 plants
  2 starspawn tentacles (Abyss:3)
99 creatures vanquished.

Grand Total: 2259 creatures vanquished

Notes
Turn   | Place    | Note
-------+----------+-------------------------------------------
     0 | D:1      | theElss the Gargoyle Berserker began the quest for the Orb.
     0 | D:1      | Reached XP level 1. HP: 14/14 MP: 1/1
   137 | D:1      | Reached XP level 2. HP: 15/19 MP: 2/2
   639 | D:1      | Reached XP level 3. HP: 17/24 MP: 3/3
   838 | D:1      | Reached ** piety under Trog
  1269 | D:2      | Noticed Sigmund
  1283 | D:2      | Killed Sigmund
  1283 | D:2      | Reached skill level 5 in Maces & Flails
  1283 | D:2      | Reached XP level 4. HP: 23/29 MP: 4/4
  1283 | D:2      | Reached XP level 5. HP: 26/33 MP: 5/5
  1472 | D:2      | Noticed Natasha
  1477 | D:2      | Killed Natasha
  1477 | D:2      | Reached XP level 6. HP: 30/38 MP: 6/6
  1864 | D:2      | Noticed Natasha
  1951 | D:2      | Killed Natasha
  2227 | D:3      | Found a sparkling altar of Nemelex Xobeh.
  2227 | D:3      | Found a shattered altar of Ashenzari.
  2231 | D:3      | Found a burning altar of Makhleb.
  2373 | D:3      | Reached *** piety under Trog
  2631 | D:3      | Found a basalt altar of Yredelemnul.
  2680 | D:3      | Found a hazy altar of Hepliaklqana.
  2947 | D:4      | Noticed a slave
  2947 | D:4      | Noticed a slave
  2947 | D:4      | Noticed a slave
  2947 | D:4      | Noticed a slave
  2949 | D:4      | Noticed Pikel
  2962 | D:3      | Killed Pikel
  2962 | D:3      | Reached skill level 5 in Fighting
  2962 | D:3      | Reached XP level 7. HP: 44/44 MP: 7/7
  3044 | D:4      | Noticed Robin
  3085 | D:4      | Reached XP level 8. HP: 48/49 MP: 8/8
  3100 | D:4      | Killed Robin
  3277 | D:4      | Found Xigeutt's Armour Shop.
  3311 | D:4      | Reached **** piety under Trog
  3930 | D:5      | Entered Level 5 of the Dungeon
  3940 | D:5      | Noticed Blork the orc
  3953 | D:5      | Killed Blork the orc
  4038 | D:5      | Got a smoking granite ring
  4039 | D:5      | Identified the ring of Lucidity {rF+ MR- Dex+2 SInv} (You found it on level 5 of the Dungeon)
  4208 | D:5      | Noticed Edmund
  4239 | D:5      | Killed Edmund
  4863 | D:6      | Noticed Dowan
  4864 | D:6      | Noticed Duvessa
  4876 | D:6      | Killed Duvessa
  4876 | D:6      | Reached XP level 9. HP: 55/55 MP: 9/9
  4879 | D:6      | Killed Dowan
  4926 | D:6      | Found a snail-covered altar of Cheibriados.
  5222 | D:6      | Found a staircase to the Ecumenical Temple.
  5518 | D:7      | Reached skill level 5 in Armour
  5729 | D:7      | Reached skill level 10 in Maces & Flails
  5934 | D:7      | Noticed Joseph
  5948 | D:7      | Killed Joseph
  5965 | D:7      | Noticed Menkaure
  5968 | D:7      | Killed Menkaure
  5968 | D:7      | Reached ***** piety under Trog
  6002 | D:7      | Found Idifeib's Magic Scroll Emporium.
  6021 | D:7      | Bought a scroll of remove curse for 36 gold pieces
  6021 | D:7      | Bought a scroll of identify for 24 gold pieces
  6021 | D:7      | Bought a scroll of blinking for 90 gold pieces
  6021 | D:7      | Bought a scroll of magic mapping for 42 gold pieces
  6021 | D:7      | Bought a scroll of amnesia for 42 gold pieces
  6021 | D:7      | Bought a scroll of vulnerability for 90 gold pieces
  6021 | D:7      | Bought a scroll of summoning for 114 gold pieces
  6201 | D:8      | Reached XP level 10. HP: 62/63 MP: 10/10
  6687 | D:9      | Noticed Grum
  6731 | D:9      | Killed Grum
  6775 | D:9      | Found a staircase to the Orcish Mines.
  6838 | D:9      | Noticed a two-headed ogre
  6851 | D:9      | Killed a two-headed ogre
  7095 | D:9      | Received a gift from Trog
  7236 | D:9      | Noticed a two-headed ogre
  7245 | D:9      | Killed a two-headed ogre
  7423 | D:9      | Noticed a two-headed ogre
  7430 | D:9      | Killed a two-headed ogre
  7485 | D:10     | Entered Level 10 of the Dungeon
  7579 | D:10     | Noticed Sonja
  7655 | D:9      | Killed Sonja
  7655 | D:9      | Reached XP level 11. HP: 50/69 MP: 11/11
  8002 | D:10     | Noticed Urug
  8032 | D:10     | Killed Urug
  8221 | D:10     | Noticed p0werm0de's ghost (novice OpWn)
  8227 | D:10     | Killed p0werm0de's ghost
  8337 | D:10     | Got a polished glaive
  8482 | D:10     | Noticed a two-headed hydra
  8492 | D:10     | Killed a two-headed hydra
  8912 | D:10     | Found a staircase to the Lair.
  9074 | D:11     | Noticed a purple ugly thing
  9090 | D:11     | Killed a purple ugly thing
  9113 | D:11     | Noticed a purple ugly thing
  9134 | D:11     | Killed a purple ugly thing
  9145 | D:11     | Noticed an eight-headed hydra
  9169 | D:11     | Killed an eight-headed hydra
  9169 | D:11     | Reached skill level 10 in Fighting
  9169 | D:11     | Reached XP level 12. HP: 37/77 MP: 12/12
  9249 | D:11     | Received a gift from Trog
  9258 | D:11     | Got a brightly glowing great mace {god gift}
  9259 | D:11     | Identified the +5 great mace of Lounoaq {crush, rF+ rN+} (Trog gifted it to you on level 11 of the Dungeon)
  9377 | D:11     | Noticed a two-headed ogre
  9381 | D:11     | Killed a two-headed ogre
  9476 | D:11     | Noticed an eight-headed hydra
  9482 | D:11     | Killed an eight-headed hydra
  9494 | D:11     | Noticed a two-headed ogre
  9502 | D:11     | Killed a two-headed ogre
 10453 | Lair:1   | Entered Level 1 of the Lair of Beasts
 11235 | Lair:2   | Reached skill level 15 in Maces & Flails
 11497 | Lair:2   | Noticed a seven-headed hydra
 11509 | Lair:2   | Killed a seven-headed hydra
 11990 | Lair:2   | Found a hole to the Spider Nest.
 12257 | Lair:3   | Found a staircase to the Swamp.
 12288 | Lair:3   | Reached skill level 10 in Armour
 12288 | Lair:3   | Reached XP level 13. HP: 84/84 MP: 13/13
 12466 | Lair:3   | Identified a scroll of acquirement
 12549 | Lair:3   | Received a gift from Trog
 13329 | Lair:4   | Found a frozen archway.
 13348 | IceCv    | Entered an ice cave
 13744 | IceCv    | Noticed a frost giant
 13768 | IceCv    | Received a gift from Trog
 13785 | IceCv    | Killed a frost giant
 13869 | IceCv    | Got a polished great mace
 13871 | IceCv    | Got a faintly glowing hat
 13874 | IceCv    | Got an iridescent battleaxe
 14318 | Lair:4   | Identified the +3 hat "Dud Gys" {rElec rPois rN+ Dex-5} (You found it in an ice cave)
 14318 | Lair:4   | Identified the cursed +1 great mace "Honin" {freeze, *Slow MR+ Stlth+} (You found it in an ice cave)
 14320 | Lair:4   | Identified the +9 battleaxe of Voum {pain, +Inv rF- SInv} (You found it in an ice cave)
 15000 | Lair:5   | Noticed Kirke
 15006 | Lair:5   | Killed Kirke
 15006 | Lair:5   | Gained mutation: Your large and strong wings let you fly indefinitely. [Gargoyle growth]
 15006 | Lair:5   | Reached XP level 14. HP: 92/92 MP: 14/14
 16093 | Lair:6   | Entered Level 6 of the Lair of Beasts
 16711 | Lair:6   | Received a gift from Trog
 16771 | Lair:6   | Found a runed door.
 16771 | Lair:6   | Found a viscous altar of Jiyva.
 17492 | Lair:6   | Found a staircase to the Slime Pits.
 17834 | Orc:1    | Entered Level 1 of the Orcish Mines
 18319 | Orc:2    | Entered Level 2 of the Orcish Mines
 18386 | Orc:2    | Noticed Josephine
 18392 | Orc:2    | Killed Josephine
 18605 | Orc:1    | Reached ****** piety under Trog
 18739 | Orc:1    | Noticed Snorg
 18754 | Orc:1    | Killed Snorg
 18849 | Orc:2    | Received a gift from Trog
 19239 | Orc:2    | Reached XP level 15. HP: 99/99 MP: 15/15
 19402 | Orc:2    | Received a gift from Trog
 19557 | Orc:2    | Found Fus Sois's Armour Boutique.
 19586 | Orc:2    | Found Neman's Food Shop.
 19586 | Orc:2    | Found Mihuethre's General Store.
 19591 | Orc:2    | Found Giriepp's Distillery.
 19610 | Orc:2    | Bought a potion of resistance for 120 gold pieces
 19671 | Orc:2    | Found a staircase to the Elven Halls.
 20363 | Swamp:1  | Entered Level 1 of the Swamp
 20958 | Swamp:1  | Noticed a thorn hunter
 20974 | Swamp:1  | Killed a thorn hunter
 21463 | Swamp:2  | Received a gift from Trog
 21649 | Swamp:2  | Noticed Louise
 21681 | Swamp:2  | Killed Louise
 21704 | Swamp:2  | Reached skill level 1 in Shields
 21816 | Swamp:2  | Reached skill level 2 in Shields
 21827 | Swamp:2  | Reached skill level 3 in Shields
 22034 | Swamp:2  | Got a smoking falchion
 22050 | Swamp:2  | Reached skill level 4 in Shields
 22056 | Swamp:2  | Identified the cursed +0 falchion "Huwem" {freeze, Str+4} (You found it on level 2 of the Swamp)
 22406 | Swamp:3  | Reached skill level 5 in Shields
 22469 | Swamp:3  | Noticed a thorn hunter
 22479 | Swamp:4  | Entered Level 4 of the Swamp
 22608 | Swamp:4  | Reached skill level 6 in Shields
 22698 | Swamp:4  | Noticed a thorn hunter
 22715 | Swamp:4  | Killed a thorn hunter
 22880 | Swamp:4  | Noticed Donald
 22897 | Swamp:4  | Noticed a thorn hunter
 22916 | Swamp:4  | Killed a thorn hunter
 22916 | Swamp:4  | Reached skill level 7 in Shields
 22921 | Swamp:4  | Killed Donald
 22934 | Swamp:4  | Reached skill level 8 in Shields
 22999 | Swamp:3  | Killed a thorn hunter
 23001 | Swamp:3  | Reached XP level 16. HP: 87/106 MP: 16/16
 23186 | Swamp:3  | Reached skill level 9 in Shields
 23416 | Swamp:4  | Reached skill level 10 in Shields
 23926 | Swamp:4  | Received a gift from Trog
 24118 | Swamp:4  | Reached skill level 11 in Shields
 24570 | Swamp:4  | Noticed the 27-headed Lernaean hydra
 24593 | Swamp:4  | Killed the 27-headed Lernaean hydra
 24666 | Swamp:4  | Reached skill level 12 in Shields
 24853 | Swamp:4  | Got a decaying rune of Zot
 25272 | Spider:1 | Entered Level 1 of the Spider Nest
 25701 | Spider:1 | Reached skill level 13 in Shields
 25844 | Spider:1 | Received a gift from Trog
 26722 | Spider:1 | Reached skill level 14 in Shields
 27183 | Spider:2 | Got a warped chain mail
 27194 | Spider:2 | Identified the +6 chain mail "Bycwaq" {rF+} (You found it on level 2 of the Spider Nest)
 27216 | Spider:2 | Reached XP level 17. HP: 93/111 MP: 17/17
 27427 | Spider:3 | Noticed Nikola
 28080 | Spider:3 | Killed Nikola
 28122 | Spider:2 | Reached skill level 15 in Shields
 29535 | D:12     | Received a gift from Trog
 30826 | D:14     | Reached skill level 16 in Shields
 30963 | D:14     | You are sucked into a shaft!
 30963 | D:15     | Entered Level 15 of the Dungeon
 31202 | D:15     | Received a gift from Trog
 31275 | D:15     | Found a staircase to the Depths.
 31372 | D:15     | Found a snail-covered altar of Cheibriados.
 31410 | D:15     | Reached skill level 17 in Shields
 31419 | D:15     | Paralysed by a wizard for 5 turns
 31573 | D:15     | Noticed Roxanne
 31592 | D:15     | Killed Roxanne
 31593 | D:15     | Identified Roxanne's Disquisition on Clay (You took it off Roxanne on level 15 of the Dungeon)
 32021 | D:15     | Found Enel's Magic Scroll Emporium.
 32694 | D:14     | Found a gate to the Vaults.
 32902 | D:15     | Found a glowing golden altar of the Shining One.
 33006 | Vaults:1 | Entered Level 1 of the Vaults
 33027 | D:14     | Reached skill level 18 in Shields
 33082 | Vaults:1 | Reached XP level 18. HP: 116/116 MP: 18/18
 33093 | Vaults:1 | Paralysed by a great orb of eyes for 5 turns
 33190 | Vaults:1 | Received a gift from Trog
 33352 | Vaults:1 | Reached skill level 19 in Shields
 33655 | Vaults:1 | Received a gift from Trog
 34004 | Vaults:1 | You are sucked into a shaft!
 34113 | Vaults:2 | Reached skill level 20 in Shields
 34188 | Vaults:2 | Paralysed by an ogre mage for 4 turns
 35550 | Vaults:2 | Received a gift from Trog
 35666 | Vaults:2 | Reached skill level 21 in Shields
 35666 | Vaults:2 | Reached XP level 19. HP: 117/121 MP: 19/19
 36087 | Vaults:2 | Cast into level 2 of the Abyss (a deep elf demonologist)
 36257 | Abyss:2  | Noticed a bone dragon
 36284 | Abyss:2  | Killed a bone dragon
 36319 | Abyss:2  | Received a gift from Trog
 36391 | Abyss:2  | Gained mutation: You tend to lose your temper in combat. [a neqoxec]
 36393 | Abyss:2  | Gained mutation: Armour fits poorly on your strangely shaped body. [a neqoxec]
 36804 | Abyss:2  | Reached skill level 22 in Shields
 37057 | Vaults:2 | Escaped the Abyss
 37065 | Vaults:2 | Received a gift from Trog
 37398 | Vaults:2 | Found a staircase to the Crypt.
 37931 | Crypt:1  | Entered Level 1 of the Crypt
 38408 | Crypt:1  | Found a basalt altar of Yredelemnul.
 38649 | Crypt:1  | Reached skill level 23 in Shields
 38662 | Crypt:1  | Received a gift from Trog
 39727 | Crypt:1  | Reached XP level 20. HP: 127/127 MP: 20/20
 40150 | Crypt:3  | Entered Level 3 of the Crypt
 40173 | Crypt:3  | Reached skill level 1 in Evocations
 40247 | Crypt:3  | Noticed a bone dragon
 40292 | Crypt:3  | Killed a bone dragon
 40292 | Crypt:3  | Received a gift from Trog
 41068 | Crypt:3  | Found a staircase to the Tomb.
 41515 | Crypt:3  | Noticed an ancient lich
 41515 | Crypt:3  | Noticed an ancient lich
 41668 | Crypt:3  | Identified the Grimoire of the Doomed Birds
 41669 | Crypt:3  | Noticed an ancient lich
 41672 | Crypt:3  | Cast into level 5 of the Abyss (an ancient lich)
 41672 | Abyss:5  | Entered Level 5 of the Abyss
 41811 | Abyss:5  | Received a gift from Trog
 41858 | Abyss:5  | Paralysed by accursed screaming for 1 turns
 41869 | Abyss:5  | Paralysed by accursed screaming for 1 turns
 41922 | Abyss:5  | Reached skill level 24 in Shields
 41951 | Abyss:5  | Reached skill level 15 in Fighting
 42027 | Crypt:3  | Escaped the Abyss
 42185 | Crypt:3  | Killed an ancient lich
 42332 | Crypt:3  | Killed an ancient lich
 42342 | Crypt:3  | Killed an ancient lich
 42343 | Crypt:3  | Cast into level 3 of the Abyss (a lich)
 42378 | Abyss:3  | Found a corrupted altar of Lugonu.
 42519 | Abyss:3  | HP: 3/130 [white very ugly thing (47)]
 42551 | Abyss:3  | Reached XP level 21. HP: 53/135 MP: 22/24
 42634 | Crypt:3  | Escaped the Abyss
 42648 | Crypt:3  | Reached skill level 5 in Evocations
 42764 | Crypt:3  | Got a translucent plate armour
 42771 | Crypt:3  | Got a jewelled morningstar
 42778 | Crypt:3  | Identified the Reference Book on Darkness
 42810 | Crypt:3  | Identified the +3 plate armour of Abust {SInv} (You found it on level 3 of the Crypt)
 42815 | Crypt:3  | Identified the cursed +1 morningstar of Causality {crush, rC+} (You found it on level 3 of the Crypt)
 42934 | Vaults:2 | Received a gift from Trog
 43948 | Vaults:3 | Received a gift from Trog
 43976 | Vaults:3 | Reached skill level 25 in Shields
 45320 | Vaults:4 | Found Orocuibla's Magic Scroll Emporium.
 45830 | Vaults:4 | Received a gift from Trog
 46368 | Vaults:4 | Reached XP level 22. HP: 144/144 MP: 9/27
 47530 | Elf:1    | Entered Level 1 of the Elven Halls
 47549 | Elf:1    | Received a gift from Trog
 47621 | Elf:1    | Found a radiant altar of Vehumet.
 47700 | Elf:1    | Received a gift from Trog
 48011 | Elf:1    | Noticed Frances
 48022 | Elf:1    | Killed Frances
 48937 | Elf:1    | Reached skill level 26 in Shields
 49001 | Elf:1    | Received a gift from Trog
 49628 | Elf:2    | Found a runed gate.
 49628 | Elf:2    | Found a runed gate.
 49628 | Elf:2    | Found a runed gate.
 50018 | Elf:2    | Received a gift from Trog
 50425 | Elf:3    | Entered Level 3 of the Elven Halls
 50976 | Elf:2    | Received a gift from Trog
 51676 | Elf:3    | Got a clouded pewter ring
 51718 | Elf:3    | Noticed Gandalfino's ghost (adept GrFi)
 51764 | Elf:3    | Killed Gandalfino's ghost
 51764 | Elf:3    | Reached XP level 23. HP: 96/152 MP: 10/29
 52488 | Elf:3    | HP: 7/152 [deep elf mage/bolt of cold (28)]
 52497 | Elf:2    | Received a gift from Trog
 52539 | Elf:2    | Identified the ring "Ruc Iwin" {rN+ MR+ Str+2 Dex-4 Stlth-} (You took it off a deep elf high priest on level 3 of the Elven Halls)
 53662 | Elf:3    | Reached skill level 27 in Shields
 54927 | Depths:1 | Entered Level 1 of the Depths
 55248 | D:15     | Received a gift from Trog
 55455 | Depths:1 | Found a huge runed gate.
 55459 | Depths:1 | Found a huge runed gate.
 55461 | Depths:1 | Found a huge runed gate.
 55461 | Depths:1 | Found a huge runed gate.
 55461 | Depths:1 | Found a huge runed gate.
 55461 | Depths:1 | Found a huge runed gate.
 55461 | Depths:1 | Found a huge runed gate.
 55461 | Depths:1 | Found a huge runed gate.
 55462 | Depths:1 | Found a huge runed gate.
 55608 | Depths:1 | Found a huge runed gate.
 55608 | Depths:1 | Found a huge runed gate.
 55608 | Depths:1 | Found a huge runed gate.
 55610 | Depths:1 | Found a huge runed gate.
 55670 | Depths:1 | Found a gateway to Hell.
 55725 | Depths:1 | Reached skill level 10 in Evocations
 56279 | Depths:1 | Found a one-way gate to the infinite horrors of the Abyss.
 56465 | Depths:1 | Found a huge runed gate.
 56465 | Depths:1 | Found a huge runed gate.
 56466 | Depths:1 | Found a huge runed gate.
 56468 | Depths:1 | Found a huge runed gate.
 56637 | Depths:1 | Found a huge runed gate.
 56638 | Depths:1 | Found a huge runed gate.
 56707 | Depths:1 | Reached skill level 1 in Crossbows
 57060 | Depths:3 | Received a gift from Trog
 57080 | Depths:3 | Reached skill level 5 in Dodging
 58141 | Depths:2 | Reached XP level 24. HP: 157/162 MP: 30/30
 58217 | Depths:2 | Received a gift from Trog
 58446 | Depths:2 | Noticed a juggernaut
 58461 | Depths:2 | Killed a juggernaut
 58862 | Depths:2 | Found a runed door.
 59445 | Depths:2 | Noticed a caustic shrike
 59459 | Depths:2 | Killed a caustic shrike
 59534 | Depths:2 | Received a gift from Trog
 59891 | Depths:2 | Found a gateway to a ziggurat.
 59912 | Depths:2 | Got a dazzling chain mail
 59931 | Depths:2 | Found a one-way gate leading to the halls of Pandemonium.
 59933 | Depths:2 | Found the +2 pair of boots of the Assassin {Detection Stab+ Stlth++}
 60001 | Depths:2 | Identified the +2 chain mail of Ru's Righteous Fury {+Fly} (You found it on level 2 of the Depths)
 60371 | Depths:3 | Found Caileuxi's General Store.
 60371 | Depths:3 | Found Wutuekhopol's Antique Weapon Shoppe.
 60382 | Depths:3 | Found Coink's Book Emporium.
 60572 | Depths:3 | Found Seblaawo's Antique Armour Shoppe.
 60833 | Depths:3 | Paralysed by a great orb of eyes for 4 turns
 61254 | Depths:3 | Reached skill level 5 in Crossbows
 61476 | Depths:3 | Received a gift from Trog
 61797 | Depths:3 | Reached skill level 15 in Armour
 62143 | Depths:3 | Got a bloodstained cloak
 62154 | Depths:3 | Identified the +2 cloak "Kitijeitt" {+Fly MR- Int+4} (You found it on level 3 of the Depths)
 62209 | Depths:3 | Paralysed by a floating eye for 4 turns
 62219 | Depths:3 | Paralysed by a floating eye for 2 turns
 63131 | Depths:4 | Received a gift from Trog
 63235 | Depths:4 | Reached XP level 25. HP: 125/171 MP: 30/30
 63700 | Depths:4 | Found a corrupted altar of Lugonu.
 64191 | Depths:4 | Received a gift from Trog
 64296 | Depths:4 | Identified Tesag's Handbook of Virous Transmutation
 64299 | Depths:4 | Got a polished chain mail
 64305 | Depths:4 | Got a glittering bone ring
 64341 | Depths:4 | Identified the ring of the Greedy {EV+3 Dex+3} (You found it on level 4 of the Depths)
 64353 | Depths:4 | Identified the cursed +0 chain mail "Woreet" {+Fly rElec Regen+ Dex+2} (You found it on level 4 of the Depths)
 64359 | Depths:4 | Found the +7 longbow "Piercer" {penet, EV-2}
 64459 | Depths:5 | Entered Level 5 of the Depths
 64706 | Depths:5 | Found Tiak's Magic Scroll Emporium.
 65012 | Depths:4 | Received a gift from Trog
 66738 | Depths:5 | Found a gate to the Realm of Zot.
 67268 | Depths:5 | Got a warped leather armour
 67279 | Depths:5 | Identified the cursed +1 leather armour of Valiance {Int+4 SInv Stlth-} (You found it on level 5 of the Depths)
 68235 | Crypt:3  | Got brightly glowing fire dragon scales
 68254 | Crypt:3  | Identified the +3 fire dragon scales of Foud Uwusea {*Corrode rF++ rC- MP+9 Slay+6 SInv} (You found it on level 3 of the Crypt)
 68589 | Depths:2 | Got a crude leather armour
 68600 | Depths:2 | Identified the +1 leather armour of the Iron Devil {+Fly Int+2} (You found it on level 2 of the Depths)
 68954 | Elf:3    | Got a jewelled scale mail
 68967 | Elf:3    | Identified the +1 scale mail "Ziutir Ucey" {rC- rCorr Int+3 SInv} (You took it off a deep elf master archer on level 3 of the Elven Halls)
 69526 | Vaults:5 | Entered Level 5 of the Vaults
 69554 | Vaults:4 | Received a gift from Trog
 69554 | Vaults:4 | Reached XP level 26. HP: 143/180 MP: 30/30
 70363 | Vaults:4 | Received a gift from Trog
 70511 | Vaults:5 | HP: 10/273 [vault warden/bardiche (22)]
 70511 | Vaults:5 | HP: 4/273 [reaper/vampiric scythe[a deep elf demonologist] (6)]
 70515 | Vaults:5 | Mangled by a deep troll

Skill      XL: |  1  2  3  4  5  6  7  8  9 10 11 12 13 14 15 16 17 18 19 20 21 22 23 24 25 26 |
---------------+-------------------------------------------------------------------------------+-----
Dodging        | 2 3 4 5 6 |  6.1
Fighting       | 4 5 6 7 8 10 11 12 13 14 15 16 17 19 21 22 23 | 23.0
Maces & Flails | 5 7 9 10 12 14 15 16 18 19 | 19.0
Armour         | 3 4 6 7 9 10 12 13 15 17 | 17.8
Shields        | 8 14 18 21 23 24 25 26 27 | 27.0
Evocations     | 4 7 8 10 | 10.0
Crossbows      | 2 5 8 |  8.7

Action                   |  1- 3 |  4- 6 |  7- 9 | 10-12 | 13-15 | 16-18 | 19-21 | 22-24 | 25-27 || total
-------------------------+-------+-------+-------+-------+-------+-------+-------+-------+-------++-------
Melee: Mace              |   123 |   184 |   100 |   149 |       |       |       |       |       ||   556
       Whip              |       |       |   118 |       |       |       |       |       |       ||   118
       Morningstar       |       |       |    66 |       |       |       |     9 |       |       ||    75
       Flail             |       |       |   181 |       |       |       |       |       |       ||   181
       Dire flail        |       |       |       |   263 |       |       |       |       |       ||   263
       Great mace        |       |       |       |   174 |   944 |       |       |       |       ||  1118
       Eveningstar       |       |       |       |       |   197 |  1943 |  2193 |  2087 |  1058 ||  7478
       Demon whip        |       |       |       |       |       |       |   255 |   182 |       ||   437
 Fire: Hand crossbow     |       |       |       |       |       |    52 |     7 |     4 |       ||    63
Invok: Berserk           |     2 |     2 |     2 |     3 |    10 |    12 |     9 |    10 |     5 ||    55
       Brothers in Arms  |       |       |       |     1 |       |     2 |     1 |     4 |       ||     8
       Trog's Hand       |       |       |       |       |     2 |     2 |     7 |     5 |     1 ||    17
       Burn Spellbooks   |       |       |       |       |       |       |     1 |       |       ||     1
 Abil: Fly               |       |       |       |       |     2 |       |       |     2 |     2 ||     6
       Stop Flying       |       |       |       |       |     1 |       |       |     3 |     2 ||     6
Evoke: Wand              |       |       |       |       |       |       |       |     1 |     1 ||     2
  Use: Scroll            |       |       |     6 |     3 |    12 |     8 |     3 |     6 |     8 ||    46
       Potion            |       |       |       |       |     2 |     3 |     4 |     4 |       ||    13
 Stab: Sleeping          |     1 |       |       |       |       |       |       |       |       ||     1
       Distracted        |       |       |       |       |       |       |       |     1 |       ||     1
  Eat: Chunk             |     2 |     7 |    15 |    23 |    43 |    39 |    22 |    59 |    24 ||   234
       Ration            |       |       |       |       |     2 |     5 |     8 |     3 |     2 ||    20
Armor: Animal skin       |    54 |    33 |       |       |       |       |       |       |       ||    87
       Ring mail         |       |    54 |       |       |       |       |       |       |       ||    54
       Plate armour      |       |     6 |   314 |   597 |  1400 |   619 |   264 |   458 |   210 ||  3868
       Chain mail        |       |       |       |       |       |   440 |   638 |       |   180 ||  1258
Dodge: Dodged            |   110 |   119 |   167 |   232 |   579 |   311 |   357 |   223 |   292 ||  2390
Block: Large shield      |       |       |       |       |   264 |  2182 |  2472 |  1966 |  1246 ||  8130
       Reflection        |       |       |       |       |       |    70 |       |       |       ||    70
